 Dungeon Crawl Stone Soup version 0.30-a0-1075-gcd70e7a56d (webtiles) character file.

Game seed: 15754142637805177498

65 Pimp the Trooper (level 3, -1/43 HPs)
             Began as a Demonspawn Fighter on Apr 14, 2023.
             Succumbed to Sigmund's poison
             ... on level 3 of the Dungeon.
             The game lasted 00:04:45 (1799 turns).

Pimp the Trooper (Demonspawn Fighter)               Turns: 1799, Time: 00:04:46

Health: -1/43      AC: 21    Str: 18    XL:     3   Next: 92%
Magic:  3/3        EV:  2    Int:  9    God:
Gold:   164        SH:  6    Dex: 12    Spells: 2/2 levels left

rFire   + . .      SeeInvis .    a - +0 war axe
rCold   + . .      Faith    .    c - +2 buckler
rNeg    . . .      Spirit   .    b - melded +0 scale mail
rPois   +          Reflect  .    (helmet currently unavailable)
rElec   +          Rampage  .    (cloak currently unavailable)
rCorr   +          NoTele   +    (gloves currently unavailable)
Will    .....                    j - melded +0 pair of boots
Stlth   +                        (no amulet)
HPRegen 0.27/turn                (no ring)
MPRegen 0.16/turn                (no ring)

@: brilliant, lethally poisoned (-1 -> -8), tree-form, resistant
A: stationary, stasis, torment immunity, boosted hp, (horns 1), magic
regeneration
a: no special abilities


You were on level 3 of the Dungeon.
You were a tree.
You visited 1 branch of the dungeon, and saw 3 of its levels.

You collected 164 gold pieces.

Inventory:

Hand Weapons
 a - a +0 war axe (weapon)
Armour
 b - a +0 scale mail (melded)
 c - a +2 buckler (worn)
 e - a +0 plate armour
 j - a +0 pair of boots (melded)
Scrolls
 i - 2 scrolls of vulnerability
 m - a scroll of acquirement {unknown}
Potions
 d - 2 potions of might
 h - a potion of flight


   Skills:
 + Level 3.4 Fighting
 + Level 2.3 Axes
 * Level 3.4 Armour
 + Level 3.1 Shields


You had 2 spell levels left.
You didn't know any spells.
Your spell library contained the following spells:

 Spells                   Type           Power      Damage    Failure   Level
 Beastly Appendage        Tmut           0%         N/A       47%         1
 Wereblood                Tmut           0%         N/A       63%         2
 Spider Form              Tmut/Pois      0%         N/A       85%         3


Dungeon Overview and Level Annotations

Branches:
Dungeon (3/15)

Altars:

Annotations:
D:3 Sigmund


Innate Abilities, Weirdness & Mutations

You are a tree.
Your roots penetrate the ground, keeping you stationary.
You cannot be teleported.
You are immune to unholy pain and torment.
Your maximum health is greatly increased.
Your equipment is partially melded.
((You have a pair of small horns on your head.))
You regenerate magic rapidly.


Message History

The ball python bites you but does no damage.
The ball python grabs you. The ball python constricts you.
It was a potion of lignification.
You turn into a tree.
Your +0 pair of boots melds into your body.
Your +0 scale mail melds into your body.
Your roots penetrate the ground.
You feel sick. You block the ball python's attack.
The ball python constricts you.
Unknown command.
You hit the ball python.
You kill the ball python!
You feel sick.
Sigmund points at you and mumbles some strange words.
You resist with significant effort. Sigmund hits you but does no damage.
You are more poisoned.
It was a potion of brilliance.
You feel clever all of a sudden.
You feel sick.
As you read the scroll labelled LOYRGHO KAEQO, it crumbles to dust.
You cannot blink because you are held in place by your roots.
It was a scroll of blinking.
You feel sick. Sigmund hits you but does no damage.
You are lethally poisoned!
Okay, then.
You cannot move.
You cannot move.
There is a lethal amount of poison in your body!
There is a lethal amount of poison in your body!
* * * LOW HITPOINT WARNING * * *
You feel very sick. Sigmund hits you but does no damage.
* * * LOW HITPOINT WARNING * * *
You feel very sick.
You cannot move.
You cannot move.
* * * LOW HITPOINT WARNING * * *
You feel sick. Sigmund gestures at you while chanting.
The puff of flame hits you. You resist.
* * * LOW HITPOINT WARNING * * *
You die...

#.###. #.# ######### #..... .
#.####### .....[..# #?.... ..
#........ #######.# #..#..
...####.####### ##### #.#
#.....## ...........### ....# #.#
#.....# #.......... ###.# #.#
#...@.# ##...##.... ###.###.# #.#
# ##.####### ........# #.###♣##.#
#<# # ###.##### #........# #.#
#.## #####.#### ##'## #..## #.#
##...## ###...## ##.# ##.....##
#......## ##..# ##...<...##
........######...####.........###
....................+.........+..
......########...####.........###


You could see Sigmund.

Vanquished Creatures
  An adder (D:2)
  2 worms (D:2)
  A dart slug (D:2)
  An orc (D:3)
  4 bats
  5 endoplasms
  2 giant cockroaches
  3 goblins
  4 hobgoblins (D:1)
  4 quokkas
  6 ball pythons
  3 frilled lizards
  4 kobolds
  3 rats
43 creatures vanquished.

Vanquished Creatures (others)
  A fungus (D:1)
  4 plants (D:1)
5 creatures vanquished.

Grand Total: 48 creatures vanquished

Notes
Turn   | Place    | Note
-------+----------+-------------------------------------------
     0 | D:1      | Pimp the Demonspawn Fighter began the quest for the Orb.
     0 | D:1      | Reached XP level 1. HP: 18/18 MP: 1/1
   221 | D:1      | Gained mutation: You have a pair of small horns on your
                  | head. [demonic ancestry]
   221 | D:1      | Reached XP level 2. HP: 20/24 MP: 2/2
   734 | D:2      | Gained mutation: You regenerate magic rapidly. [demonic
                  | ancestry]
   734 | D:2      | Reached XP level 3. HP: 29/29 MP: 3/3
  1659 | D:3      | Found a faded altar of an unknown god.
  1785 | D:3      | Noticed Sigmund
  1798 | D:3      | HP: 1/43 [Sigmund/puff of flame (4)]
  1799 | D:3      | Succumbed to Sigmund's poison

Illustrated notes

Levels and vault maps discovered:
D:1:      tarquinn_simple_flora_water_f, layout_rooms, minmay_distorted
D:2:      layout_basic, st_stairs_5
D:3:      layout_loops_corners, kennysheep_okawaru_gauntlet,
          mainiacjoe_overflow_catwalk, ebering_ecumenical_altar_box,
          uniq_sigmund, uniq_grinder

Skill      XL: |  1  2 |
---------------+-------+-----
Axes           | 2 |  2.3
Armour         | 3 |  3.4
Shields        | 3 |  3.1
Fighting       | |  3.4

Action                     || total
---------------------------++-------
  Melee: War axe           ||   105
         Headbutt          ||    16
    Use: Scroll            ||     6
         Potion            ||     4
 Armour: Scale mail        ||    46
         Skin              ||     3
  Dodge: Dodged            ||    63
  Block: Buckler           ||    27

Table legend: (Time is in decaauts)
 A = Elapsed time spent in this place.
 B = Non-inter-level travel time spent in this place.
 C = Inter-level travel time spent in this place.
 D = Time resting spent in this place.
 E = Time spent auto-exploring this place.
 F = Levels seen in this place.
 G = Mean time per level.
                   A        B        C        D        E       F      G
               +--------+--------+--------+--------+--------+-----+--------+
         Total |   1844 |   1823 |     21 |    237 |   1230 |   3 |  614.7 |
       Dungeon |   1844 |   1823 |     21 |    237 |   1230 |   3 |  614.7 |
               +--------+--------+--------+--------+--------+-----+--------+

Top non-repeatable levels by time:
     D:2: 837 daAuts
     D:1: 754 daAuts
     D:3: 252 daAuts
